Map: Lightshade LE

Players

AGOElazer (Elazer) - Winner!

  • Race: Zerg Zerg
  • Spawn Location: 11:00

TLHarstem (Harstem)

  • Race: Protoss Protoss
  • League: Master
  • Spawn Location: 5:00

Event: DreamHack SC2 Masters 2020 Winter

VOD

Have the link to the VOD?

Description

Time

  • Played on: Oct. 23, 2020, 12:06 p.m.
  • Length: 12:59

All games in this series

Show
View Real Time Build Order
Export as new Build Order

AGOElazer Zerg - Winner!

Build Orders: Hatch First, Swarm Host 

Get SALT Encoding   

  12  0:00  Drone  
  13  0:12  Overlord  
  13  0:17  Drone  
  14  0:30  Drone x2  
  16  0:47  Hatchery  
  15  0:50  Drone  
  15  0:54  Drone  
  17  0:57  Drone  
  18  1:08  Extractor  
  17  1:12  Spawning Pool  
  17  1:15  Drone  
  17  1:19  Drone  
  18  1:27  Drone  
  19  1:38  Drone  
  20  1:47  Hatchery  
  20  1:49  Drone  
  20  1:59  Zergling x2  
  20  2:00  Queen  
  23  2:03  Drone  
  24  2:09  Drone  
  24  2:12  Overlord  
  25  2:24  Queen  
  25  2:25  Drone  
  28  2:32  Drone x2  
  28  2:34  Zergling x2  
  31  2:37  Queen  
  31  2:44  Drone x2  
  35  2:53  Overlord  
  35  2:54  Drone  
  36  2:59  Drone, Queen  
  39  3:08  Drone x2  
  41  3:13  Drone, Queen  
  41  3:18  Drone x2  
  46  3:24  Overlord  
  46  3:28  Drone  
  46  3:29  Drone  
  46  3:32  Drone  
  46  3:33  Drone  
  50  3:41  Spore Crawler  
  50  3:42  Overlord  
  50  3:43  Drone x4  
  50  3:45  Overlord  
  50  3:48  Drone x3  
  56  3:54  Lair  
  56  3:59  Metabolic Boost  
  56  4:05  Drone x5  
  56  4:08  Drone x2, Overlord  
  63  4:12  Queen  
  63  4:16  Extractor x2  
  63  4:17  Zergling x4  
  65  4:24  Spore Crawler  
  65  4:25  Drone  
  65  4:27  Drone x4, Spore Crawler  
  65  4:31  Roach Warren  
  67  4:34  Overlord  
  67  4:36  Drone x2  
  69  4:43  Drone x5  
  74  4:47  Overlord  
  74  4:52  Overlord  
  74  4:55  Drone x6  
  74  4:56  Extractor  
  74  4:58  Extractor  
  78  5:01  Drone x2  
  78  5:02  Drone  
  78  5:05  Extractor  
  78  5:06  Evolution Chamber  
  79  5:10  Glial Reconstitution  
  79  5:15  Drone x3  
  79  5:16  Overlord  
  79  5:17  Zergling x2  
  79  5:18  Zergling x10  
  88  5:24  Drone  
  88  5:26  Infestation Pit  
  88  5:29  Drone  
  88  5:32  Zerg Missile Weapons Level 1  
  88  5:34  Overlord  
  89  5:37  Overlord  
  89  5:38  Hatchery  
  89  5:41  Drone x3  
  89  5:42  Drone  
  94  5:43  Roach  
  94  5:47  Overlord  
  93  5:57  Overlord  
  93  6:03  Overlord  
  92  6:08  Swarm Host x8  
  114  6:20  Overlord  
  114  6:21  Extractor, Roach x6  
  114  6:25  Roach x2  
  128  6:40  Overlord  
  128  6:41  Roach x6  
  140  6:48  Roach x7  
  151  7:02  Roach x6  
  151  7:03  Roach x2  
  151  7:08  Overlord  
  167  7:09  Overlord  
  167  7:29  Roach x8  
  182  7:36  Roach x6  
  169  8:00  Roach x8  
  169  8:01  Queen  
  169  8:02  Queen  
  183  8:06  Queen x2, Overlord x2  
  179  8:24  Ravager x4  
  179  8:25  Ravager x2  
  179  8:26  Roach x9  
  193  8:39  Roach x5  
  185  8:47  Roach x2  
  171  8:53  Roach x3  
  171  8:54  Queen x3  
  161  9:08  Swarm Host x5  
  174  9:13  Nydus Network  
  170  9:20  Swarm Host  
  170  9:21  Swarm Host x2  
  178  9:24  Roach x4  
  178  9:25  Zerg Missile Weapons Level 2  
  178  9:30  Roach x2  
  178  9:31  Roach x2  
  188  9:42  Roach x4  
  188  9:43  Roach  
  199  9:45  Ravager  
  199  9:49  Nydus Canal  
  197  10:06  Nydus Canal  
  195  10:10  Ravager  
  195  10:11  Ravager x4  
  196  10:28  Roach x5  
  198  10:32  Overseer  
  198  10:33  Pneumatized Carapace, Overseer  
  186  10:47  Roach x13  
  180  10:59  Roach x7  
  184  11:18  Roach x4  
  184  11:20  Overlord  
  184  11:22  Hive  
  185  11:27  Roach x3  
  185  11:31  Overseer x2  
  178  11:43  Overseer  
  156  11:52  Roach x11  
  157  11:59  Queen, Roach  
  157  12:00  Queen x2  
  151  12:05  Roach  
  151  12:06  Roach x3  
  155  12:10  Overseer  
  155  12:14  Ravager  
  155  12:15  Ravager  
  152  12:16  Nydus Canal  
  152  12:17  Roach x4  
  160  12:26  Roach x4  
  160  12:27  Ravager x2  
  170  12:35  Nydus Canal  
  170  12:36  Roach x4  
Show
View Real Time Build Order
Export as new Build Order

TLHarstem Protoss 

Build Orders: 1 Gate Expand, Oracle Opening, Archon Immortal 

Get SALT Encoding   

  12  0:00  Probe  
  13  0:12  Probe  
  14  0:17  Pylon  
  14  0:24  Probe (Chrono Boost)  
  15  0:33  Assimilator  
  15  0:36  Probe (Chrono Boost)  
  16  0:45  Probe (Chrono Boost)  
  16  0:47  Gateway  
  17  0:51  Probe  
  18  1:03  Probe  
  19  1:15  Probe  
  20  1:24  Nexus  
  20  1:34  Cybernetics Core  
  20  1:37  Probe  
  21  1:42  Assimilator  
  21  1:49  Probe  
  21  1:52  Pylon  
  22  2:01  Probe  
  23  2:08  Adept (Chrono Boost)  
  23  2:11  Warp Gate  
  23  2:13  Probe (Chrono Boost)  
  26  2:21  Stargate  
  26  2:25  Probe (Chrono Boost)  
  27  2:30  Stalker  
  27  2:35  Probe (Chrono Boost)  
  31  2:38  Probe (Chrono Boost)  
  33  2:45  Probe x2 (Chrono Boost)  
  33  2:50  Probe (Chrono Boost)  
  33  2:51  Probe  
  35  3:02  Probe  
  35  3:04  Adept, Probe  
  35  3:05  Oracle (Chrono Boost)  
  42  3:14  Probe  
  42  3:16  Pylon, Probe  
  44  3:21  Gateway  
  44  3:26  Probe  
  45  3:28  Probe  
  45  3:32  Oracle (Chrono Boost)  
  46  3:38  Probe  
  50  3:42  Probe  
  50  3:45  Pylon  
  51  3:50  Probe  
  51  3:52  Nexus  
  52  3:56  Probe  
  52  4:02  Assimilator, Probe  
  54  4:04  Assimilator  
  54  4:08  Probe  
  55  4:10  Forge  
  55  4:14  Probe  
  56  4:19  Twilight Council  
  56  4:20  Probe  
  57  4:26  Probe  
  57  4:28  Robotics Facility  
  58  4:33  Probe  
  58  4:34  Sentry  
  58  4:37  Pylon  
  61  4:39  Probe  
  61  4:41  Pylon  
  61  4:42  Protoss Ground Weapons Level 1 (Chrono Boost)  
  62  4:47  Shield Battery  
  62  4:55  Probe x2 (Chrono Boost)  
  64  5:03  Charge  
  66  5:07  Gateway x2, Probe x2 (Chrono Boost)  
  66  5:13  Probe (Chrono Boost), Templar Archives  
  67  5:17  Probe x2 (Chrono Boost)  
  67  5:19  Pylon  
  70  5:21  Probe (Chrono Boost)  
  70  5:22  Probe (Chrono Boost)  
  70  5:23  Probe (Chrono Boost)  
  70  5:25  Gateway  
  72  5:31  Assimilator  
  72  5:32  Probe (Chrono Boost)  
  72  5:33  Observer  
  72  5:35  Assimilator  
  76  5:37  Probe (Chrono Boost)  
  76  5:38  Pylon  
  76  5:39  Probe (Chrono Boost)  
  76  5:41  Probe (Chrono Boost)  
  77  5:45  Gateway x2  
  77  5:46  Probe (Chrono Boost)  
  77  5:47  Probe  
  77  5:49  Probe  
  79  5:54  Gateway  
  80  5:57  Probe  
  80  6:00  Warp Prism (Chrono Boost), Gateway, Probe  
  84  6:05  High Templar x2  
  84  6:09  Archon  
  88  6:11  High Templar  
  88  6:12  High Templar  
  88  6:13  Shield Battery  
  88  6:16  Archon, Pylon  
  92  6:22  Probe  
  92  6:23  Zealot  
  95  6:26  Pylon  
  95  6:28  Psionic Storm  
  95  6:29  Probe  
  95  6:32  Pylon  
  96  6:39  Immortal (Chrono Boost)  
  96  6:40  Zealot x3  
  96  6:44  Zealot x2  
  96  6:46  Protoss Ground Weapons Level 2 (Chrono Boost)  
  110  6:51  Zealot  
  112  7:04  High Templar x2, Zealot x3  
  112  7:05  Zealot x2  
  112  7:07  Shield Battery  
  126  7:09  Immortal (Chrono Boost)  
  126  7:15  High Templar, Pylon  
  132  7:22  Shield Battery  
  132  7:23  Pylon  
  132  7:32  Zealot  
  124  7:37  High Templar  
  124  7:39  Immortal (Chrono Boost)  
  124  7:41  Photon Cannon  
  124  7:42  Photon Cannon, Zealot x3, Sentry  
  134  7:48  Zealot x3  
  130  7:54  Zealot  
  128  8:02  Zealot x2  
  124  8:09  Probe  
  124  8:10  Zealot x4  
  124  8:11  Immortal (Chrono Boost)  
  131  8:24  Zealot x5  
  126  8:34  Archon  
  126  8:38  Zealot, Void Ray (Chrono Boost)  
  126  8:39  Zealot x2  
  120  8:45  Immortal (Chrono Boost)  
  120  8:47  Zealot x4  
  122  8:52  Zealot x2  
  118  9:00  Zealot x3  
  116  9:08  High Templar, Shield Battery  
  116  9:09  High Templar  
  120  9:10  Dark Shrine  
  120  9:12  Archon  
  120  9:13  High Templar x4  
  120  9:16  Protoss Shields Level 1 (Chrono Boost)  
  128  9:18  Void Ray (Chrono Boost)  
  128  9:20  Archon  
  130  9:24  Archon  
  130  9:25  High Templar  
  130  9:27  Zealot x2  
  136  9:39  Immortal  
  136  9:41  Zealot x2  
  136  9:45  Pylon  
  144  9:48  Pylon  
  144  9:50  Shield Battery  
  144  9:51  High Templar  
  146  9:53  Shield Battery  
  144  10:05  Zealot x5  
  144  10:06  Zealot  
  144  10:10  Zealot x2  
  148  10:23  Probe  
  142  10:28  Dark Templar x3  
  142  10:29  Dark Templar x2  
  152  10:38  Zealot x2  
  144  10:44  Archon  
  124  10:52  Zealot x2  
  110  10:58  Void Ray  
  114  11:08  Zealot x3  
  117  11:18  Zealot x5  
  115  11:26  Zealot  
  115  11:31  Dark Templar  
  117  11:36  Dark Templar x2  
  117  11:39  Probe  
  107  11:44  Dark Templar  
  107  11:45  Probe  
  102  11:50  Zealot  
  96  11:55  Zealot x2  
  98  12:08  Zealot x3  
  102  12:15  Archon  
  98  12:17  High Templar x4  
  106  12:25  Archon  
  110  12:33  Nexus  
  110  12:37  High Templar x2  
  108  12:38  Zealot x2  
  112  12:45  Zealot  
Tags
 
Add a new tag
Caveats
  • Supply blocks, unpowered buildings, or Contaminate may cause inaccurate times.
  • Supply counts are checked every 10 seconds.